 Dungeon Crawl Stone Soup version 0.18-a0-1805-g8ab820f (webtiles) character file.

91 warlockg3 the Ducker (level 4, 0/44 HPs)
             Began as a Troll Fighter on Apr 25, 2016.
             Succumbed to an adder's poison
             ... on level 2 of the Dungeon.
             The game lasted 00:10:27 (990 turns).

warlockg3 the Ducker (Troll Fighter)                 Turns: 990, Time: 00:10:28

Health: 0/44       AC:  5    Str: 25    XL:     4   Next: 33%
Magic:  3/3        EV:  8    Int:  4    God:
Gold:   88         SH:  8    Dex:  9    Spells: 0 memorised, 3 levels left

rFire  . . .     SeeInvis .       - Unarmed
rCold  . . .     Gourm    +     a - +0 robe
rNeg   . . .     Faith    .     b - +0 shield
rPois  .         Spirit   .     (helmet restricted)
rElec  .         Dismiss  .     (no cloak)
rCorr  .         Reflect  .     (gloves unavailable)
SustAt .         Harm     .     (boots unavailable)
MR     .....                    (no amulet)
Stlth  +.........               (no ring)
                                (no ring)

@: lethally poisoned (0 -> -7), hasted, very quick, not resistant to hostile
enchantments, very unstealthy
A: unfitting armour, claws 3, fast metabolism 3, gourmand, regeneration 2,
shaggy fur 1, tough skin 2
a: no special abilities


You were on level 2 of the Dungeon.
You were not hungry.

You visited 1 branch of the dungeon, and saw 2 of its levels.

You collected 88 gold pieces.

Inventory:

Armour
 a - a +0 robe (worn)
 b - a +0 shield (worn)
Scrolls
 e - a scroll of blinking {unknown}
 g - a scroll of recharging {unknown}
 h - a scroll of noise {unknown}
 i - a scroll of random uselessness {unknown}
 l - a scroll of identify {unknown}
Potions
 f - a potion of haste
 j - a potion of flight {unknown}
 n - a potion of curing {unknown}
Comestibles
 d - 2 bread rations
 k - a meat ration


   Skills:
 + Level 2.8 Fighting
 + Level 3.4 Dodging
 + Level 0.2 Stealth
 - Level 2.4 Shields
 + Level 2.8 Unarmed Combat


You had 3 spell levels left.
You didn't know any spells.

Dungeon Overview and Level Annotations

Branches:
Dungeon (2/15)

Altars:


Innate Abilities, Weirdness & Mutations

You are too large for most types of armour.
You have claws for hands.
Your metabolism is lightning-fast.
You like to eat raw meat.
You heal very quickly.
You are covered in fur (AC +1).
You have very tough skin (AC +2).


Message History

You miss the adder.
You feel sick. You block the bat's attack. The adder bites you.
* * * LOW HITPOINT WARNING * * *
You are more poisoned.
The adder poisons you!
You closely miss the adder.
* * * LOW HITPOINT WARNING * * *
You feel sick. You block the bat's attack. The bat closely misses you.
The adder completely misses you.
Drink which item? (? for menu, Esc to quit)
It was a potion of cancellation.
Your magical effects are unravelling.
You feel magically purged.
You feel a little less mighty now.
* * * LOW HITPOINT WARNING * * *
You feel sick. You block the bat's attack. You block the adder's attack.
You block the bat's attack. The adder closely misses you.
Drink which item? (? for menu, Esc to quit)
It was a potion of haste.
You feel yourself speed up.
You die...

# .# ..
#.########.#.#.
#....†b@.<.....
#..####S##.#.#.
#)#
#..####.####.#
#............#
##.####(######
#.(..# ####.#
#.# ###


You could see an adder and a bat.

Vanquished Creatures
  Jessica (D:2)
  Terence (D:2)
  An ooze (D:2)
  A worm (D:1)
  2 dart slugs (D:2)
  A giant gecko (D:2)
  2 giant cockroaches (D:1)
  3 goblins
  3 hobgoblins
  4 jackals (D:2)
  3 kobolds
  2 bats (D:1)
  A giant newt (D:1)
  2 rats
27 creatures vanquished.

Notes
Turn   | Place    | Note
--------------------------------------------------------------
     0 | D:1      | warlockg3 the Troll Fighter began the quest for the Orb.
     0 | D:1      | Reached XP level 1. HP: 22/22 MP: 0/0
   298 | D:1      | Reached XP level 2. HP: 25/29 MP: 1/1
   759 | D:2      | Reached XP level 3. HP: 36/36 MP: 2/2
   800 | D:2      | Noticed Jessica
   817 | D:2      | Killed Jessica
   817 | D:2      | Reached skill level 3 in Dodging
   970 | D:2      | Noticed Terence
   983 | D:2      | Killed Terence
   983 | D:2      | Reached XP level 4. HP: 11/44 MP: 3/3
   988 | D:2      | HP: 2/44 [poisoned by an adder]
   990 | D:2      | Succumbed to an adder's poison

Vault maps used:
D:1:      lemuel_arrival_room
D:2:      minitemple, uniq_jessica, uniq_terence

Skill      XL: |  1  2  3 |
---------------+----------+-----
Dodging        | 3 |  3.4
Fighting       | |  2.8
Stealth        | |  0.2
Shields        | |  2.4
Unarmed Combat | |  2.8

Action                   |  1- 3 |  4- 6 || total
-------------------------+-------+-------++-------
Melee: Unarmed           |   101 |     4 ||   105
  Use: Potion            |     1 |     2 ||     3
  Eat: Bread ration      |     1 |       ||     1
       Chunk             |     4 |       ||     4
Armor: Robe              |    33 |     5 ||    38
Dodge: Dodged            |    31 |     3 ||    34
Block: Shield            |    44 |     7 ||    51
